 Dungeon Crawl Stone Soup version 0.30-a0-222-ge547ba4400 (webtiles) character file.

Game seed: 11531906161494311442

123 Aibolit the Chopper (level 5, 0/46 HPs)
             Began as a Hill Orc Fighter on Oct 8, 2022.
             Was a Follower of Okawaru.
             Succumbed to a kobold brigand's poison
             ... on level 3 of the Dungeon on Oct 9, 2022.
             The game lasted 00:04:54 (2213 turns).

Aibolit the Chopper (Hill Orc Fighter)              Turns: 2213, Time: 00:04:54

Health: 0/46       AC: 15    Str: 20 (21) XL:     5   Next: 7%
Magic:  5/5        EV:  7    Int:  5 (8)  God:    Okawaru [*.....]
Gold:   71         SH:  4    Dex:  8 (10) Spells: 4/4 levels left

rFire   . . .      SeeInvis .    a - +0 war axe
rCold   . . .      Faith    .    c - +0 buckler
rNeg    . . .      Spirit   .    r - +0 chain mail
rPois   .          Reflect  .    g - +0 helmet
rElec   .          Harm     .    (no cloak)
rCorr   .          Rampage  .    f - +0 pair of gloves
Will    .....                    (no boots)
Stlth   ..........               (no amulet)
HPRegen 0.27/turn                b - +4 ring of protection
MPRegen 0.09/turn                (no ring)

@: mighty, lethally poisoned (0 -> -7)
A: no striking features
a: Renounce Religion, Heroism


You were on level 3 of the Dungeon.
You worshipped Okawaru.
Okawaru was aware of your devotion.
You visited 1 branch of the dungeon, and saw 3 of its levels.

You collected 71 gold pieces.

Inventory:

Hand Weapons
 a - a +0 war axe (weapon)
Armour
 c - a +0 buckler (worn)
 f - a +0 pair of gloves (worn)
 g - a +0 helmet (worn)
 r - a +0 chain mail (worn)
Jewellery
 b - a +4 ring of protection (left hand)
Scrolls
 e - a scroll of teleportation {unknown}
 i - 2 scrolls of blinking
 m - a scroll of immolation
 n - a scroll of magic mapping {unknown}
 q - a scroll of enchant armour
 s - a scroll of torment {unknown}
 t - a scroll of vulnerability
Potions
 d - 2 potions of might
 h - a potion of degeneration
 j - a potion of resistance {unknown}
 k - a potion of attraction {unknown}
 l - 2 potions of curing {unknown}
 o - a potion of flight {unknown}
 p - a potion of mutation {unknown}
 u - a potion of brilliance {unknown}
 v - a potion of heal wounds {unknown}


   Skills:
 + Level 4.1 Fighting
 + Level 5.1 Axes
 + Level 4.0 Armour
 + Level 0.2 Dodging
 + Level 3.6 Shields
 + Level 0.6 Invocations


You had 4 spell levels left.
You didn't know any spells.
Your spell library contained the following spells:

 Spells                   Type           Power      Damage    Failure   Level
 Scorch                   Fire           0%         2d5       100%        2
 Flame Wave               Conj/Fire      0%         2d4       100%        4
 Summon Cactus Giant      Summ           Unusable   N/A       N/A         6

Dungeon Overview and Level Annotations

Branches:
Dungeon (3/15)

Altars:
Okawaru


Message History

You are poisoned.
You block the kobold brigand's attack.
You feel sick.
You feel very mighty all of a sudden.
You feel sick.
The kobold brigand hits you with a +2 dagger of venom.
You are more poisoned.
You are too injured to fight recklessly!
You slash the kobold brigand!
The kobold brigand is heavily wounded.
You feel very sick. You block the kobold brigand's attack.
You completely miss the kobold brigand.
The kobold brigand is heavily wounded.
* * * LOW HITPOINT WARNING * * *
You feel very sick. You block the kobold brigand's attack.
The kobold brigand hits you but does no damage.
You slash the kobold brigand!
The kobold brigand is almost dead.
* * * LOW HITPOINT WARNING * * *
You feel sick.
The kobold brigand hits you but does no damage.
You are lethally poisoned!
You slash the kobold brigand!
You kill the kobold brigand!
Okawaru is honoured by your kill.
* * * LOW HITPOINT WARNING * * *
You feel very sick.
Your Fighting skill increases to level 4!
Your Axes skill increases to level 5!
Your Armour skill increases to level 4!
You have reached level 4!
You have reached level 5!
You feel stronger.
It was a potion of degeneration.
There was something very wrong with that liquid.
You feel weakened.
You feel dopey.
You feel clumsy.
* * * LOW HITPOINT WARNING * * *
You feel sick.
You die...

#..#. #.#......######...##
###..#. #......#............
......####..#.#.##...#...#
##..#...#...#.#.##...#...#
....#[.....##.#.##...#...##
#####.^........#............
.......))..########...######
#####.)#)............<.....
#..#~.@#########.#.#.##
##.)#~~.# #.#.# #.)##~~..#
#.#.# #..#≈~~~.# #.#.#
#.)#≈~~~.. #.#.# #..#≈~~~#..
#.#.# #..##~~##... #.#..
##..#~~..... ... #.. ~.##


There were no monsters in sight!

Vanquished Creatures
  A kobold brigand (D:3)
  An adder (D:2)
  10 ball pythons
  6 endoplasms
  A giant cockroach (D:2)
  6 hobgoblins
  A quokka (D:2)
  2 bats (D:1)
  3 frilled lizards
  2 goblins (D:2)
  10 kobolds
  3 rats
46 creatures vanquished.

Notes
Turn   | Place    | Note
-------+----------+-------------------------------------------
     0 | D:1      | Aibolit the Hill Orc Fighter began the quest for the Orb.
     0 | D:1      | Reached XP level 1. HP: 19/19 MP: 1/1
    84 | D:1      | Noticed a great orb of eyes
    85 | D:1      | Found a faded altar of an unknown god.
    90 | D:1      | Noticed a floating eye
    91 | D:1      | Noticed a great orb of eyes
    91 | D:1      | Noticed a floating eye
    98 | D:1      | Prayed at the altar of an unknown god.
    98 | D:1      | Became a worshipper of Warmaster Okawaru
    98 | D:1      | Reached * piety under Okawaru
   294 | D:1      | Reached XP level 2. HP: 26/26 MP: 2/2
   521 | D:1      | Reached skill level 3 in Axes
  1050 | D:2      | Reached XP level 3. HP: 29/33 MP: 3/3
  2189 | D:3      | Reached skill level 4 in Axes
  2190 | D:3      | Noticed a kobold brigand
  2211 | D:3      | Killed a kobold brigand
  2212 | D:3      | Reached skill level 5 in Axes
  2212 | D:3      | Reached XP level 4. HP: 3/40 MP: 4/4
  2212 | D:3      | Reached XP level 5. HP: 3/46 MP: 5/5
  2212 | D:3      | HP: 1/46 [poisoned by a kobold brigand]
  2213 | D:3      | Succumbed to a kobold brigand's poison

Illustrated notes

Levels and vault maps discovered:
D:1:      lightli_arrival_flooded_house, layout_loops_corners,
          hellmonk_ecumenical_altar_watching_god, serial_rivers,
          chequers_serial_rivers_room_a, chequers_serial_rivers_small_a,
          chequers_serial_rivers_large_a, chequers_serial_rivers_small_3,
          grunt_decor_resistance
D:2:      layout_loops_ring
D:3:      cheibrodos_thug_alley, layout_basic, grunt_nemelex_the_gamble,
          lemuel_tele_altar

Skill      XL: |  1  2  3 |
---------------+----------+-----
Axes           | 3 5 |  5.1
Fighting       | 4 |  4.1
Armour         | 4 |  4.0
Dodging        | |  0.2
Shields        | |  3.6
Invocations    | |  0.6

Action                   |  1- 3 |  4- 6 || total
-------------------------+-------+-------++-------
Melee: War axe           |   113 |       ||   113
Invok: Heroism           |     5 |       ||     5
  Use: Scroll            |     4 |       ||     4
       Potion            |     1 |     1 ||     2
Armor: Scale mail        |    35 |       ||    35
       Chain mail        |    20 |       ||    20
Dodge: Dodged            |    57 |       ||    57
Block: Buckler           |    21 |       ||    21

Table legend: (Time is in decaauts)
 A = Elapsed time spent in this place.
 B = Non-inter-level travel time spent in this place.
 C = Inter-level travel time spent in this place.
 D = Time resting spent in this place.
 E = Time spent auto-exploring this place.
 F = Levels seen in this place.
 G = Mean time per level.
                   A        B        C        D        E       F      G
               +--------+--------+--------+--------+--------+-----+--------+
         Total |   2265 |   1936 |    329 |    294 |   1251 |   3 |  755.0 |
       Dungeon |   2265 |   1936 |    329 |    294 |   1251 |   3 |  755.0 |
               +--------+--------+--------+--------+--------+-----+--------+

Top non-repeatable levels by time:
     D:2: 1197 daAuts
     D:1: 955 daAuts
     D:3: 112 daAuts
